Map: Ancient Cistern LE

Players

reality

  • Race: Protoss Protoss
  • League: Diamond
  • Spawn Location: 7:00

TheDankOne - Winner!

  • Race: Protoss Protoss
  • League: Diamond
  • Spawn Location: 1:00

VOD

Have the link to the VOD?

Description

Time

  • Played on: May 12, 2023, 6:01 a.m.
  • Length: 11:18
Show
View Real Time Build Order
Export as new Build Order

reality Protoss 

Build Orders:  

Get SALT Encoding   

  12  0:00  Probe  
  13  0:12  Probe  
  14  0:19  Pylon  
  14  0:24  Probe  
  15  0:37  Probe (Chrono Boost)  
  15  0:38  Gateway  
  16  0:44  Assimilator  
  16  0:49  Probe (Chrono Boost)  
  17  0:53  Probe (Chrono Boost)  
  18  1:04  Probe  
  19  1:24  Forge  
  19  1:26  Gateway  
  19  1:30  Zealot (Chrono Boost), Cybernetics Core  
  19  1:55  Zealot  
  21  2:28  Adept (Chrono Boost)  
  23  2:57  Pylon  
  23  3:15  Probe (Chrono Boost)  
  23  3:16  Nexus  
  25  3:27  Probe (Chrono Boost)  
  25  3:34  Probe (Chrono Boost)  
  25  3:40  Warp Gate  
  25  3:48  Stalker  
  27  3:58  Pylon  
  25  4:46  Probe  
  26  5:17  Shield Battery  
  26  5:20  Assimilator  
  26  5:36  Nexus  
  26  5:41  Assimilator  
  26  5:55  Pylon  
  26  6:02  Stalker  
  28  6:05  Shield Battery  
  26  6:22  Stalker  
  26  6:25  Probe  
  29  6:35  Stalker  
  29  6:37  Probe  
  32  7:02  Stalker x2  
  32  7:04  Probe (Chrono Boost)  
  38  7:16  Probe x2 (Chrono Boost)  
  39  7:24  Robotics Facility  
  39  7:25  Probe (Chrono Boost)  
  39  7:28  Probe (Chrono Boost)  
  41  7:31  Probe (Chrono Boost)  
  42  7:40  Probe (Chrono Boost)  
  42  7:43  Probe (Chrono Boost)  
  44  8:01  Nexus  
  44  8:02  Probe (Chrono Boost)  
  44  8:03  Probe (Chrono Boost)  
  46  8:08  Pylon  
  46  8:12  Probe (Chrono Boost), Observer (Chrono Boost)  
  49  8:14  Probe (Chrono Boost)  
  49  8:17  Probe (Chrono Boost)  
  49  8:18  Sentry  
  49  8:19  Sentry  
  54  8:26  Probe  
  55  8:31  Probe  
  56  8:38  Probe  
  56  8:39  Observer  
  58  8:41  Twilight Council  
  58  8:43  Probe, Observer  
  59  8:49  Pylon  
  59  8:50  Probe  
  59  8:55  Probe  
  61  8:57  Assimilator  
  62  9:03  Probe (Chrono Boost)  
  62  9:07  Probe (Chrono Boost)  
  63  9:16  Shield Battery  
  64  9:17  Gateway  
  64  9:19  Probe (Chrono Boost)  
  64  9:20  Probe (Chrono Boost)  
  64  9:21  Gateway  
  65  9:25  Probe x2 (Chrono Boost)  
  68  9:32  Probe (Chrono Boost)  
  68  9:35  Probe (Chrono Boost)  
  68  9:36  Probe (Chrono Boost)  
  68  9:37  Observer (Chrono Boost)  
  72  9:39  Stalker x2  
  72  9:40  Probe (Chrono Boost)  
  65  10:02  Stalker  
  54  10:07  Assimilator x2  
  54  10:12  Stalker  
  56  10:21  Zealot  
  53  10:34  Probe  
Show
View Real Time Build Order
Export as new Build Order

TheDankOne Protoss - Winner!

Build Orders:  

Get SALT Encoding   

  12  0:01  Probe  
  13  0:13  Probe  
  14  0:22  Pylon  
  14  0:25  Probe  
  15  0:40  Assimilator, Probe  
  16  0:52  Probe (Chrono Boost)  
  17  1:02  Probe (Chrono Boost)  
  18  1:07  Probe (Chrono Boost)  
  19  1:18  Probe (Chrono Boost)  
  20  1:30  Probe (Chrono Boost)  
  21  1:35  Probe (Chrono Boost)  
  21  1:44  Probe  
  22  1:57  Pylon  
  22  2:04  Probe  
  23  2:18  Forge  
  20  2:44  Pylon  
  20  2:51  Photon Cannon  
  20  3:03  Photon Cannon  
  20  3:18  Gateway  
  20  3:31  Photon Cannon  
  20  3:34  Photon Cannon  
  20  3:35  Photon Cannon  
  20  3:41  Pylon  
  20  3:56  Assimilator  
  20  3:59  Assimilator  
  20  4:02  Assimilator  
  20  4:07  Assimilator  
  20  4:14  Pylon  
  20  4:18  Pylon  
  20  4:19  Pylon  
  20  4:23  Pylon  
  20  4:25  Pylon  
  19  4:41  Photon Cannon  
  19  4:43  Photon Cannon  
  19  4:44  Zealot (Chrono Boost)  
  19  4:52  Probe (Chrono Boost)  
  22  5:02  Photon Cannon  
  22  5:04  Probe (Chrono Boost)  
  23  5:09  Probe (Chrono Boost)  
  24  5:18  Probe  
  25  5:30  Probe  
  25  5:32  Cybernetics Core  
  26  5:53  Nexus  
  26  5:57  Probe  
  27  6:08  Robotics Facility  
  27  6:12  Sentry  
  29  6:21  Gateway  
  29  6:36  Sentry  
  31  6:41  Pylon  
  31  6:42  Gateway  
  31  7:04  Immortal  
  31  7:06  Pylon  
  35  7:10  Probe  
  35  7:15  Sentry  
  38  7:18  Oracle  
  38  7:22  Probe (Chrono Boost)  
  39  7:30  Sentry  
  39  7:34  Probe (Chrono Boost)  
  42  7:37  Sentry  
  42  7:39  Probe (Chrono Boost)  
  42  7:41  Gateway  
  45  7:48  Immortal  
  45  7:50  Probe  
  50  8:01  Sentry  
  52  8:06  Probe  
  52  8:08  Assimilator  
  52  8:10  Sentry  
  55  8:18  Probe  
  56  8:34  Immortal (Chrono Boost)  
  56  8:40  Zealot  
  56  8:41  Zealot x2  
  66  8:42  Probe  
  66  8:47  Shield Battery  
  67  8:49  Pylon  
  67  8:54  Probe  
  68  9:06  Probe  
  69  9:18  Probe  
  70  9:36  Probe  
  71  9:48  Probe  
  68  10:00  Probe  
  67  10:37  Stalker x3  
  67  10:38  Immortal  
Tags
 
Add a new tag
Caveats
  • Supply blocks, unpowered buildings, or Contaminate may cause inaccurate times.
  • Supply counts are checked every 10 seconds.